 Dungeon Crawl Stone Soup version 0.23-a0-321-g6bcb69f (webtiles) character file.

995966 namelastname112 the Bringer of Light (level 27, -14/247 (266) HPs)
             Began as a Red Draconian Wanderer on Oct 15, 2018.
             Was the Champion of the Shining One.
             Killed from afar by an ancient lich (86 damage)
             ... with a crystal spear
             ... on level 2 of the Tomb of the Ancients.
             The game lasted 03:40:18 (113663 turns).

namelastname112 the Bringer of Light (DrWn)       Turns: 113663, Time: 03:40:19

HP:   -14/247 (266) AC: 20    Str: 12 (16) XL:     27
MP:   0/47          EV: 31    Int:  8 (15) God:    the Shining One [******]
Gold: 7578          SH: 20    Dex: 20      Spells: 45/57 levels left

rFire    + + +     SeeInvis +   s - +9 sacred scourge (holy)
rCold    + + +     Gourm    .   l - +3 buckler of Fooff {rPois Slay+5}
rNeg     + + +     Faith    .   (armour unavailable)
rPois    +         Spirit   +   W - +2 hat of the Bear Spirit {Spirit, +Rage rN+ MR++}
rElec    +         Reflect  +   r - +2 cloak {rC+}
rCorr    +         Harm     .   R - +2 pair of gloves "Kuulav" {rElec rF+++ rC+ Dex-2}
MR       ++++.                  O - +2 pair of boots {run}
Stlth    +.........             H - brooch of Shielding {Reflect SH+8}
HPRegen  0.51/turn              Z - ring "Pid Migg" {rPois rC+ rN+ Str-3 Int+4}
MPRegen  0.30/turn              b - ring "Lirchu Loigo" {rCorr Str+3 Dex+2 SInv}

@: corroded, very slightly contaminated, hasted and slowed, glowing, studying
Charms, quick
A: breathe fire, unfitting armour, antennae 1, beak, stinger 1, blurry vision 1,
deterioration 2, dopey 2, fire resistance 1, high mp 1, sense surroundings 1,
screaming 1, no potion heal 2, cold-blooded, AC +13
}: 10/15 runes: decaying, serpentine, slimy, silver, abyssal, demonic, glowing,
magical, fiery, dark
a: Breathe Fire, Divine Shield, Cleansing Flame, Summon Divine Warrior, Brand
Weapon With Holy Wrath, Renounce Religion, Evoke Berserk Rage


You were on level 2 of the Tomb of the Ancients.
You worshipped the Shining One.
The Shining One was exalted by your worship.
You were not hungry.

You visited 12 branches of the dungeon, and saw 56 of its levels.
You visited Pandemonium 1 time, and saw 32 of its levels.
You visited the Abyss 1 time.
You visited 2 bazaars.
You also visited: Ice Cave.

You collected 10490 gold pieces.
You spent 2912 gold pieces at shops.

Inventory:

Hand Weapons
 s - a +9 sacred scourge of holy wrath (weapon)
 E - a +0 eveningstar of holy wrath
 Y - the +11 demon whip of Dust {drain, +Rage rElec Int+2}
   (Okawaru gifted it to you on level 1 of the Elven Halls)

   A truly terrible weapon, it drains the life of those it strikes.
   It affects your intelligence (+2).
   It insulates you from electricity.
   It lets you go berserk.
   The Shining One disapproves of the use of such an item.
Armour
 l - the +3 buckler of Fooff (worn) {rPois Slay+5}
   (Okawaru gifted it to you on level 3 of the Elven Halls)

   It affects your accuracy and damage with ranged weapons and melee attacks
   (+5).
   It protects you from poison.
 r - a +2 cloak of cold resistance (worn)
 O - a +2 pair of boots of running (worn)
 R - the +2 pair of gloves "Kuulav" (worn) {rElec rF+++ rC+ Dex-2}
   (Okawaru gifted it to you on level 3 of the Lair of Beasts)

   It affects your dexterity (-2).
   It renders you almost immune to fire.
   It protects you from cold.
   It insulates you from electricity.
 W - the +2 hat of the Bear Spirit (worn) {Spirit, +Rage rN+ MR++}
   (You bought it in a shop in a bazaar)

   It protects you from negative energy.
   It affects your resistance to hostile enchantments.
   It lets you go berserk.
Jewellery
 b - the ring "Lirchu Loigo" (right hand) {rCorr Str+3 Dex+2 SInv}
   (You bought it in a shop on level 3 of the Elven Halls)

   [ring of resist corrosion]

   It affects your strength (+3).
   It affects your dexterity (+2).
   It lets you see invisible.
 n - an uncursed ring of magical power
 x - a +4 ring of strength
 H - the brooch of Shielding (around neck) {Reflect SH+8}
   (You took it off a tengu reaver on level 5 of the Vaults)

   [amulet of reflection]

   It shields you and reflects attacks.
   It affects your SH (+8).
 K - an uncursed ring of fire
 Z - the ring "Pid Migg" (left hand) {rPois rC+ rN+ Str-3 Int+4}
   (You bought it in a shop on level 3 of the Elven Halls)

   [ring of positive energy]

   It affects your strength (-3).
   It affects your intelligence (+4).
   It protects you from cold.
   It protects you from poison.
   It protects you from negative energy.
Wands
 z - a wand of acid (26)
 B - a wand of enslavement (8)
 D - a wand of scattershot (18)
 F - a wand of iceblast (7)
 P - a wand of digging (56)
 T - a wand of paralysis (29)
Scrolls
 a - 3 scrolls of summoning
 c - 4 scrolls of teleportation
 g - 16 scrolls of enchant armour
 i - a scroll of holy word
 k - 13 scrolls of amnesia
 o - a scroll of blinking
 p - 8 scrolls of magic mapping
 u - 30 scrolls of remove curse
 w - a scroll of enchant weapon
 A - 4 scrolls of brand weapon
 G - 2 scrolls of silence
 M - 27 scrolls of identify
 N - 13 scrolls of fear
 Q - 7 scrolls of fog
Potions
 e - 31 potions of curing
 f - 8 potions of ambrosia
 h - 3 potions of haste
 j - 4 potions of agility
 m - 12 potions of flight
 t - 16 potions of brilliance
 v - 5 potions of resistance
 C - 4 potions of heal wounds
 I - 5 potions of cancellation
 J - 3 potions of invisibility
 L - a potion of berserk rage
Books
 y - a manual of Charms
Miscellaneous
 q - a lightning rod (4/4)
Comestibles
 d - 42 rations


   Skills:
 + Level 25.2 Fighting
   Level 2.0(17.6) Axes
 + Level 25.3 Maces & Flails
 + Level 22.0 Dodging
 - Level 1.0 Stealth
 - Level 15.4 Shields
 + Level 15.9 Spellcasting
 - Level 14.7 Charms
 - Level 9.8 Translocations
 - Level 10.7 Air Magic
 * Level 26.6 Invocations


You had 45 spell levels left.
You knew the following spells:

 Your Spells              Type           Power        Failure   Level  Hunger
a - Apportation           Tloc           ###...       1%          1    None
d - Regeneration          Chrm/Necr      ###.......   1%          3    ##.....
e - Blink                 Tloc           N/A          1%          2    None
g - Deflect Missiles      Chrm/Air       ####......   7%          6    #######

Your spell library contained the following spells:

 Spells                   Type           Power        Failure   Level  Hunger
 Infusion                 Chrm           ####         1%          1    None
 Shock                    Conj/Air       ##..         1%          1    None
 Poisonous Vapours        Pois/Air       ##....       1%          2    None
 Shroud of Golubria       Chrm/Tloc      ####......   1%          2    None
 Song of Slaying          Chrm           ####....     1%          2    None
 Swiftness                Chrm/Air       ####....     1%          2    None
 Gell's Gravitas          Tloc           ###.......   1%          3    ##.....
 Lesser Beckoning         Tloc           ###.......   1%          3    ##.....
 Ozocubu's Armour         Chrm/Ice       ###.....     1%          3    ##.....
 Spectral Weapon          Hex/Chrm       ###.....     1%          3    ##.....
 Airstrike                Air            ###.......   1%          4    ####...
 Static Discharge         Conj/Air       ##......     2%          3    ##.....
 Portal Projectile        Hex/Tloc       ##....       3%          3    ##.....
 Recall                   Summ/Tloc      N/A          3%          3    ##.....
 Mephitic Cloud           Conj/Pois/Air  ##......     6%          3    ##.....
 Animate Skeleton         Necr           N/A          9%          1    None
 Beastly Appendage        Tmut           #.....       9%          1    None
 Confusing Touch          Hex            #.....       9%          1    None
 Corona                   Hex            #......      9%          1    None
 Flame Tongue             Conj/Fire      #....        9%          1    None
 Magic Dart               Conj           #...         9%          1    None
 Pain                     Necr           #...         9%          1    None
 Sting                    Conj/Pois      #...         9%          1    None
 Summon Butterflies       Summ           #.......     9%          1    None
 Summon Small Mammal      Summ           #...         9%          1    None
 Summon Lightning Spire   Summ/Air       ##......     10%         4    ####...
 Force Lance              Conj/Tloc      ##......     11%         4    ####...
 Excruciating Wounds      Chrm/Necr      ###.......   12%         5    #####..
 Iskenderun's Battlesphe  Conj/Chrm      ###.....     12%         5    #####..
 Call Imp                 Summ           #.......     13%         2    None
 Corpse Rot               Necr           N/A          13%         2    None
 Ensorcelled Hibernation  Hex/Ice        #.....       13%         2    None
 Searing Ray              Conj           #.....       13%         2    None
 Slow                     Hex            #.......     13%         2    None
 Sticks to Snakes         Tmut           #.......     13%         2    None
 Sublimation of Blood     Necr           #.........   13%         2    None
 Dispersal                Tloc           ###.......   22%         6    #######
 Call Canine Familiar     Summ           #.......     26%         3    ##.....
 Confuse                  Hex            #.......     26%         3    ##.....
 Conjure Flame            Conj/Fire      #.......     26%         3    ##.....
 Dazzling Spray           Conj/Hex       #.....       26%         3    ##.....
 Ignite Poison            Fire/Tmut/Pois #.......     26%         3    ##.....
 Inner Flame              Hex/Fire       #.......     26%         3    ##.....
 Spider Form              Tmut/Pois      #.........   26%         3    ##.....
 Stone Arrow              Conj/Erth      #.....       26%         3    ##.....
 Summon Guardian Golem    Hex/Summ       #.......     26%         3    ##.....
 Tukima's Dance           Hex            #.......     26%         3    ##.....
 Vampiric Draining        Necr           #.........   26%         3    ##.....
 Lightning Bolt           Conj/Air       ##........   26%         5    #####..
 Silence                  Hex/Air        ##........   26%         5    #####..
 Summon Forest            Summ/Tloc      ##........   30%         5    #####..
 Animate Dead             Necr           N/A          65%         4    ####...
 Cause Fear               Hex            #.........   65%         4    ####...
 Fulminant Prism          Conj/Hex       #.........   65%         4    ####...
 Ice Form                 Ice/Tmut       #.......     65%         4    ####...
 Iskenderun's Mystic Bla  Conj           #.......     65%         4    ####...
 Leda's Liquefaction      Hex/Erth       #.........   65%         4    ####...
 Petrify                  Tmut/Erth      #.......     65%         4    ####...
 Summon Ice Beast         Ice/Summ       #.......     65%         4    ####...
 Agony                    Necr           #.......     94%         5    #####..
 Alistair's Intoxication  Tmut/Pois      #.......     94%         5    #####..
 Aura of Abjuration       Summ           #.........   94%         5    #####..
 Blade Hands              Tmut           #.........   94%         5    #####..
 Bolt of Draining         Conj/Necr      #.........   94%         5    #####..
 Bolt of Magma            Conj/Fire/Erth #.........   94%         5    #####..
 Borgnjor's Vile Clutch   Necr/Erth      #.........   94%         5    #####..
 Dispel Undead            Necr           #.......     94%         5    #####..
 Fireball                 Conj/Fire      #.........   94%         5    #####..
 Irradiate                Conj/Tmut      #.........   94%         5    #####..
 Metabolic Englaciation   Hex/Ice        #.........   94%         5    #####..
 Summon Demon             Summ           #.........   94%         5    #####..
 Summon Mana Viper        Hex/Summ       #.......     94%         5    #####..
 Venom Bolt               Conj/Pois      #.........   94%         5    #####..
 Yara's Violent Unravell  Hex/Tmut       #.........   94%         5    #####..
 Freezing Cloud           Conj/Ice/Air   ##........   97%         6    #######
 Ring of Flames           Chrm/Fire      ###.......   98%         7    #######
 Bolt of Cold             Conj/Ice       #.........   100%        6    #######
 Bolt of Fire             Conj/Fire      #.........   100%        6    #######
 Darkness                 Hex            #.........   100%        6    #######
 Hydra Form               Tmut           #.........   100%        6    #######
 Invisibility             Hex            #.......     100%        6    #######
 Iron Shot                Conj/Erth      #.........   100%        6    #######
 Ozocubu's Refrigeration  Ice            #.........   100%        6    #######
 Shadow Creatures         Summ           N/A          100%        6    #######
 Simulacrum               Ice/Necr       #.........   100%        6    #######
 Statue Form              Tmut/Erth      #........    100%        6    #######
 Dragon Form              Tmut           #.........   100%        7    #######
 Haunt                    Necr/Summ      #.........   100%        7    #######
 Orb of Destruction       Conj           #.........   100%        7    #######
 Spellforged Servitor     Conj/Summ      #.........   100%        7    #######
 Summon Hydra             Summ           #.........   100%        7    #######
 Borgnjor's Revivificati  Necr           #.........   100%        8    #######
 Controlled Blink         Tloc           N/A          100%        8    #######
 Death's Door             Chrm/Necr      ###.......   100%        8    #######
 Discord                  Hex            #.........   100%        8    #######
 Disjunction              Tloc           ###.......   100%        8    #######
 Ignition                 Fire           #.........   100%        8    #######
 Infestation              Necr           #.........   100%        8    #######
 Necromutation            Tmut/Necr      #.........   100%        8    #######
 Dragon's Call            Summ           #.........   100%        9    #######
 Shatter                  Erth           #.........   100%        9    #######
 Tornado                  Air            ###.......   100%        9    #######


Dungeon Overview and Level Annotations

Branches:
Dungeon (15/15)            Temple (1/1) D:5            Lair (6/6) D:11
  Swamp (4/4) Lair:2        Snake (4/4) Lair:3        Slime (5/5) Lair:6
    Orc (2/2) D:12            Elf (3/3) Orc:2        Vaults (5/5) D:13
  Crypt (3/3) Vaults:3       Tomb (3/3) Crypt:3      Depths (5/5) D:15
    Zot (0/5) Depths:5

Altars:
Ashenzari
Cheibriados
Elyvilon
Kikubaaqudgha
Nemelex Xobeh
Okawaru
Trog
Uskayaw
Vehumet
Xom
Yredelemnul
The Shining One
Jiyva

Shops:
D:4 %   D:8 !   Orc:2 !!*:}   Elf:1 %(   Elf:3 }==   Vaults:4 [%}   Depths:3 (

Portals:
Hell: Depths:1 Depths:2 Depths:3 Depths:4 Depths:5
Abyss: Depths:1 Depths:2 Depths:3 Depths:4
Pandemonium: Depths:3
Ziggurat: Depths:3
Trove: Vaults:1 (give 9 potions of agility)

Annotations:
D:9 1 runed door, tsouns's ghost, novice OpWn
Lair:2 exclusion: oklob plant
Snake:3 2 runed doors, Utaireq's ghost, journeyman DsFi
Elf:1 1 runed door, Hicoetiz's ghost, adept SpEn
Elf:2 5 runed doors
Tomb:3 Khufu
Depths:3 exclusions: daeva and 3 more exclusions


Innate Abilities, Weirdness & Mutations

You can breathe blasts of fire.
Your fiery red scales are hard. (AC +13)
You cannot fit into any form of body armour.
Your flesh is heat resistant. (rF+)
You are cold-blooded and may be slowed by cold attacks.
You have a pair of small antennae on your head.
You have a beak for a mouth.
Your tail ends in a poisonous barb.
Scrolls take you a little longer to read.
Your body often deteriorates upon taking damage.
You are very dopey. (Int -4)
You have an increased reservoir of magic. (+10% MP)
You passively map a small area around you.
You occasionally shout uncontrollably at your foes.
Potions are poor at restoring your health.


Message History

The ancient lich is almost destroyed.
You are engulfed in dark miasma.
You feel your flesh rotting away!
You feel sick. You block the wight's attack.
You take 7 damage, and have 81/246 hp.
Your extra speed is starting to run out.
You feel very sick. The ancient lich touches you.
The ushabti shakes and rattles.
The vile air hits the ushabti.
The vile air hits the ancient lich.
The vile air hits you! You block the wight's attack.
The ancient lich misses you. A mysterious force pulls you upwards.
The hatch slams shut behind you.
You feel very sick.
You take 9 damage, and have 72/246 hp.
Your system partially rejects the healing.
You feel better.
The ancient lich gestures at you while chanting.
The crystal spear hits you!
You die...

......##......#...>#
..............#....#
..............#....#
..............#....#
..............#....#
###############....#
..#...^....#.......#
.^#.....^.^#^......#
.^'......^.'.^.L@..#
..#.......^#^..8...#
..#..(.....#.......#
####################


You could see an ancient lich and an ushabti.

Vanquished Creatures
  Cerebov (Pan)
  the Royal Jelly (Slime:5)
  Gloorx Vloq (Pan)
  Ignacio (Pan)
  5 ancient liches
  Mennas (Depths:4)
  4 juggernauts
  11 pandemonium lords (Pan)
  10 greater mummies
  Frederick (Crypt:3)
  Saint Roka (Elf:3)
  the Lernaean hydra (Swamp:4)
  Xtahua (Crypt:1)
  Margery (Depths:4)
  8 caustic shrikes
  7 golden dragons
  Nikola (Swamp:1)
  A bone dragon (Crypt:3)
  A Tzitzimitl (Pan)
  5 Brimstone Fiends (Pan)
  9 liches
  7 tentacled monstrosities
  Jorgrun (Swamp:1)
  10 Hell Sentinels (Pan)
  9 Ice Fiends (Pan)
  12 deep elf blademasters
  Asterion (Elf:3)
  4 deep elf master archers
  18 titans
  24 acid blobs
  11 sphinxes
  25 Executioners (Pan)
  7 ancient champions
  2 thorn hunters
  4 shadow dragons
  Agnes (Snake:3)
  Kirke (D:13)
  18 warmongers (Pan)
  11 nagarajas
  6 storm dragons
  13 tengu reavers
  4 revenants
  13 azure jellies
  A daeva (Pan)
  20 frost giants
  18 fire giants
  9 deep elf sorcerers
  10 vault wardens
  2 ghouls (Crypt:1)
  An iron dragon (shapeshifter) (Vaults:5)
  29 balrugs
  18 cacodemons (Pan)
  6 draconian annihilators (Pan)
  Louise (Lair:3)
  3 curse skulls
  An angel (Pan)
  3 deep elf elementalists
  A draconian shifter (Depths:5)
  13 ironheart preservers
  A caustic shrike skeleton (Depths:4)
  20 very ugly things
  6 war gargoyles
  2 blood saints (Pan)
  16 reapers
  33 stone giants
  3 spriggan defenders
  9 corrupters (Pan)
  16 bennus
  7 vampire knights
  3 green draconians
  11 black suns (Pan)
  9 deep elf demonologists
  6 red draconians
  3 black draconians
  11 lorocyprocas (Pan)
  10 deep elf annihilators
  5 white draconians
  A dire elephant (Abyss:3)
  12 spark wasps
  7 purple draconians
  3 yellow draconians
  2 eidola (Crypt:1)
  19 blizzard demons (Pan)
  11 fire dragons
  6 deep elf death magi
  13 ettins
  An ettin (shapeshifter) (Depths:2)
  12 jiangshi
  Snorg (D:10)
  12 death oozes
  18 green deaths (Pan)
  17 mummy priests
  Josephine (D:11)
  17 yaktaur captains
  8 deep elf high priests
  16 great orbs of eyes
  20 naga warriors
  Erolcha (D:10)
  38 vault guards
  3 hell beasts (Pan)
  9 monstrous demonspawn (Pan)
  19 hydras
  Erica (D:8)
  11 rakshasas
  A shambling mangrove (Swamp:2)
  7 ice dragons
  6 spriggan air magi
  A merfolk avatar (Lair:6)
  11 anacondas
  12 alligators
  9 centaur warriors
  5 death yaks (Lair:6)
  11 dancing weapons
  33 two-headed ogres
  8 tengu warriors
  37 death scarabs
  2 satyrs (Abyss:3)
  12 ogre magi
  4 death knights
  5 deep troll shamans
  8 deep troll earth magi
  11 shock serpents
  A spriggan berserker (Depths:3)
  25 soul eaters
  8 vampire magi
  Urug (Orc:2)
  20 naga sharpshooters
  5 orc high priests (Orc:2)
  15 hell knights
  6 holy swine (Pan)
  2 titan zombies (Crypt:3)
  Nergalle (Orc:2)
  70 sun demons (Pan)
  21 deep elf knights
  16 sixfirhies (Pan)
  8 spriggans
  4 salamander mystics
  45 skeletal warriors
  6 shadow wraiths
  2 death drakes (shapeshifter)
  A storm dragon skeleton (Pan)
  2 wretched stars
  6 flayed ghosts
  An iron troll (Depths:2)
  5 spriggan druids
  21 deep trolls
  8 wizards
  7 unseen horrors
  22 gelid demonspawn
  A glowing orange brain (shapeshifter) (Vaults:5)
  12 infernal demonspawn (Pan)
  A spatial maelstrom (Abyss:3)
  31 deep elf archers
  8 glowing orange brains
  21 torturous demonspawn (Pan)
  6 naga ritualists
  12 shadow demons (Pan)
  14 ironbrand convokers
  11 swamp dragons
  8 phantasmal warriors
  An anaconda zombie (Crypt:2)
  14 necromancers
  A harpy (Lair:6)
  3 anaconda skeletons
  A golden dragon skeleton (Crypt:3)
  19 orc knights
  A shadow dragon zombie (Crypt:3)
  4 orc sorcerers
  8 mana vipers
  A frost giant zombie (Crypt:2)
  59 ugly things
  5 wolf spiders
  A fire giant zombie (Tomb:2)
  2 stone giant zombies
  A shadow dragon skeleton (Pan)
  18 salamanders
  3 human zombies
  A wolf spider zombie (D:12)
  2 manticores
  86 deep elf magi
  A salamander (shapeshifter) (Depths:2)
  A frost giant skeleton (Pan)
  11 elephants
  8 cyclopes
  7 fire giant skeletons
  A faun (shapeshifter) (Depths:2)
  4 worldbinders (Abyss:3)
  A centaur zombie (D:12)
  A manticore (shapeshifter) (Depths:5)
  An oklob plant (D:11)
  2 stone giant skeletons (Pan)
  A cyclops (shapeshifter) (Vaults:3)
  12 shining eyes
  3 rust devils
  36 black mambas
  A moth of wrath (shapeshifter) (Vaults:5)
  2 water nymphs (Abyss:3)
  Maurice (Orc:2)
  5 eyes of devastation
  4 guardian serpents
  52 smoke demons
  2 ice statues (IceCv)
  23 orange demons
  24 naga magi
  6 gargoyles
  4 spiny frogs (shapeshifter)
  15 vault sentinels
  A spriggan zombie (Depths:4)
  A dire elephant zombie (Crypt:2)
  A guardian serpent (shapeshifter) (D:15)
  14 spiny frogs
  An emperor scorpion zombie (Crypt:3)
  A kobold demonologist (D:11)
  7 centaur skeletons
  2 torpor snails
  8 tormentors (Pan)
  A dire elephant skeleton (Pan)
  11 hellions (Pan)
  A rime drake (shapeshifter) (Depths:5)
  5 freezing wraiths
  11 komodo dragons
  A redback zombie (D:14)
  An anaconda simulacrum (Tomb:3)
  6 efreet
  16 demonic crawlers (Pan)
  A swamp worm zombie (Crypt:2)
  47 hellwings (Pan)
  A silent spectre (Abyss:3)
  2 human skeletons (Vaults:1)
  7 rime drakes
  30 guardian mummies
  3 hydra zombies
  A spark wasp simulacrum (Depths:4)
  A green draconian skeleton (Crypt:1)
  38 red devils (Pan)
  5 tengu conjurers
  43 yaktaurs
  An ancient zyme (Abyss:3)
  13 ice devils
  6 polar bears
  6 trolls
  A harpy zombie (Tomb:1)
  A meliai (D:12)
  A wind drake (Lair:6)
  A queen bee (shapeshifter) (Depths:3)
  A wind drake (shapeshifter) (Vaults:2)
  38 large abominations
  21 hornets
  12 tyrant leeches
  9 bog bodies
  17 blink frogs
  Prince Ribbit (D:8)
  110 slime creatures
  An ettin zombie (Vaults:1)
  A hippogriff (shapeshifter) (D:14)
  4 dream sheep (Lair:4)
  2 ice dragon zombies
  2 raiju (shapeshifter)
  12 hippogriffs
  A fire giant simulacrum (Tomb:1)
  14 flying skulls
  4 air elementals
  34 ynoxinuls (Pan)
  Sigmund (D:2)
  11 wraiths
  11 fire dragon skeletons (Crypt:3)
  12 water elementals
  6 ushabtiu
  8 wyverns
  8 vampires
  An ettin skeleton (Vaults:1)
  A hog (shapeshifter) (Depths:1)
  2 ice dragon skeletons (Pan)
  37 yaks
  2 humans
  11 hungry ghosts
  6 golden eyes
  5 fire elementals
  6 hogs
  A basilisk (shapeshifter) (Vaults:3)
  A black mamba skeleton (Crypt:2)
  4 basilisks
  28 vampire mosquitoes
  37 neqoxecs
  12 chaos spawn
  Menkaure (D:6)
  6 wargs
  6 insubstantial wisps (Swamp:2)
  8 acid dragons
  46 nagas
  2 soldier ants
  A soldier ant (shapeshifter) (D:15)
  A deep troll zombie (Vaults:5)
  An infernal demonspawn zombie (Crypt:1)
  Edmund (D:6)
  A spiny frog zombie (Crypt:3)
  A monstrous demonspawn zombie (Crypt:1)
  20 swamp worms
  10 small abominations
  4 porcupines
  12 water moccasins
  3 hell hounds (Pan)
  4 floating eyes
  53 orc warriors
  7 sky beasts
  10 ice beasts
  2 snapping turtle zombies (Crypt:3)
  A spiny frog skeleton (Crypt:1)
  11 swamp drakes
  An ettin simulacrum (Vaults:3)
  2 necrophages (Crypt:1)
  An ogre (shapeshifter) (Depths:2)
  33 ogres
  2 phantoms (D:4)
  13 boggarts
  An eye of draining (shapeshifter) (Depths:2)
  7 eyes of draining
  4 wolves
  11 centaurs
  A swamp dragon skeleton (Crypt:2)
  A manticore skeleton (Crypt:2)
  20 crocodiles
  A draconian zombie (Crypt:2)
  An octopode zombie (Crypt:2)
  3 big kobolds
  17 bullfrogs
  2 gnoll sergeants
  5 earth elementals
  An elf skeleton (Pan)
  A wyvern zombie (Crypt:2)
  3 scorpions
  A water moccasin skeleton (D:7)
  A warg skeleton (Crypt:2)
  16 killer bees
  3 wights (D:10)
  6 howler monkeys
  10 crimson imps
  A wolf skeleton (Crypt:1)
  5 lava snakes (Snake:1)
  5 bullfrog zombies
  6 starcursed masses (Abyss:3)
  3 quasits (Depths:3)
  A yaktaur simulacrum (Vaults:1)
  6 hounds
  25 orc wizards
  34 orc priests
  6 jellies
  7 iguanas
  2 iron imps (Depths:3)
  12 worker ants
  7 hell rats (Lair:6)
  6 ogre zombies (D:12)
  An acid dragon zombie (Crypt:2)
  A hound zombie (D:8)
  2 naga skeletons (Pan)
  A hound skeleton (D:9)
  35 mummies
  A howler monkey zombie (D:6)
  20 gnolls
  4 howler monkey skeletons
  13 adders
  2 shadow imps
  6 white imps (IceCv)
  4 ufetubi (IceCv)
  2 oozes (D:4)
  An adder skeleton (D:2)
  2 worms
  3 ball lightnings (Pan)
  3 dart slugs
  115 orcs
  7 bats
  A bat skeleton (D:2)
  3 giant cockroaches
  7 goblins
  3 hobgoblins
  17 jackals
  7 quokkas
  4 ball pythons
  A ball python skeleton (D:5)
  2 ball python zombies
  2 frilled lizards
  A giant cockroach zombie (D:2)
  3 goblin skeletons (D:12)
  2 goblin zombies (D:12)
  A hobgoblin skeleton (D:12)
  2 hobgoblin zombies (D:12)
  16 kobolds
  A kobold simulacrum (Crypt:2)
  A kobold zombie (Crypt:3)
  2 leopard gecko skeletons
  5 orc skeletons (D:12)
  6 orc zombies (D:12)
  8 rats
  8 briar patches (Abyss:3)
  2 crawling corpses (Depths:4)
  3 plants
3587 creatures vanquished.

Vanquished Creatures (collateral kills)
  Mnoleg (Pan)
  A hellephant (Pan)
  A tentacled monstrosity (Pan)
  A titan (Pan)
  A fire giant (Pan)
  A frost giant (Pan)
  A reaper (Pan)
  A glowing orange brain (Pan)
  A large abomination (Pan)
  A shining eye (Pan)
  An eye of devastation (Pan)
  A demonic crawler (Pan)
  A ynoxinul (Pan)
  A golden eye (Pan)
  2 chaos spawn (Pan)
  A fungus (Lair:3)
17 creatures vanquished.

Vanquished Creatures (others)
  An Ice Fiend (Pan)
  A deep elf blademaster (Pan)
  3 deep elf master archers
  An eldritch tentacle (Pan)
  A sphinx (Tomb:1)
  A tengu reaver (Abyss:3)
  A frost giant (Depths:2)
  A fire giant (Crypt:1)
  A draconian stormcaller (Depths:5)
  A stone giant (Vaults:5)
  2 bennus (Tomb:2)
  2 green deaths (Pan)
  A yaktaur captain (Depths:5)
  A rakshasa (Pan)
  A monstrous demonspawn (Pan)
  2 death scarabs (Tomb:1)
  2 naga sharpshooters
  A skeletal warrior (Tomb:1)
  A shadow wraith (Vaults:2)
  2 sixfirhies (Pan)
  A deep elf archer (Elf:3)
  3 wizards (Pan)
  A deep elf mage (Vaults:2)
  A smoke demon (Pan)
  6 yaktaurs
  A ghost moth simulacrum (Tomb:2)
  3 hellwings (Pan)
  2 guardian mummies
  A hornet (Swamp:3)
  2 flying skulls (Tomb:3)
  A spriggan (Swamp:3)
  A ynoxinul (Pan)
  An air elemental (Elf:1)
  3 humans (D:13)
  A neqoxec (Pan)
  A sky beast (D:11)
  2 ogres
  2 centaurs
  A bullfrog (D:13)
  6 mummies
  4 white imps
  7 ufetubi (IceCv)
  17 ball lightnings (Pan)
  4 orcs
  2 blocks of ice (Pan)
  A briar patch (Abyss:3)
  A fire vortex (Pan)
  16 fungi
  A lurking horror (Abyss:1)
  38 plants
  38 withered plants (Crypt:3)
196 creatures vanquished.

Grand Total: 3800 creatures vanquished

Notes
Turn   | Place    | Note
-------+----------+-------------------------------------------
     0 | D:1      | namelastname112 the Draconian Wanderer began the quest for
                  | the Orb.
     0 | D:1      | namelastname112 set off with: a +2 hand axe, a +0 mace, a
                  | scroll of teleportation, a ration
     0 | D:1      | Reached XP level 1. HP: 17/17 MP: 1/1
     3 | D:1      | Noticed a centaur
     3 | D:1      | Noticed an octopode
     5 | D:1      | Noticed a draconian
     5 | D:1      | Noticed an elf
     7 | D:1      | Noticed a minotaur
     7 | D:1      | Noticed a gargoyle
     9 | D:1      | Noticed a halfling
    11 | D:1      | Noticed a naga
    11 | D:1      | Noticed a merfolk
    13 | D:1      | Noticed a formicid
    13 | D:1      | Noticed a troll
    15 | D:1      | Noticed a felid
    15 | D:1      | Noticed a human
    17 | D:1      | Noticed an ogre
    19 | D:1      | Noticed a dwarf
    19 | D:1      | Noticed a demigod
    21 | D:1      | Noticed a demonspawn
    21 | D:1      | Noticed a ghoul
    23 | D:1      | Noticed a spriggan
    25 | D:1      | Noticed a tengu
    25 | D:1      | Noticed a vine stalker
    27 | D:1      | Noticed a vampire
   230 | D:1      | Reached skill level 1 in Dodging
   230 | D:1      | Reached XP level 2. HP: 25/25 MP: 2/2
   640 | D:2      | Found an iron altar of Okawaru.
   653 | D:2      | Became a worshipper of Warmaster Okawaru
   713 | D:2      | Reached XP level 3. HP: 17/31 MP: 3/3
   976 | D:2      | Reached skill level 1 in Invocations
  1042 | D:2      | Found a shattered altar of Ashenzari.
  1082 | D:2      | Noticed Sigmund
  1502 | D:3      | Reached XP level 4. HP: 21/38 MP: 5/5
  1808 | D:2      | Reached skill level 2 in Invocations
  2270 | D:2      | Killed Sigmund
  2270 | D:2      | Reached skill level 3 in Invocations
  2270 | D:2      | Reached XP level 5. HP: 33/47 MP: 3/7
  2362 | D:3      | Reached * piety under Okawaru
  2362 | D:3      | Reached XP level 6. HP: 53/53 MP: 8/8
  3084 | D:4      | Reached skill level 5 in Fighting
  3123 | D:4      | Reached skill level 4 in Invocations
  3123 | D:4      | Your scales start taking on a fiery red colour.
  3123 | D:4      | Reached XP level 7. HP: 51/61 MP: 8/10
  3123 | D:4      | Gained mutation: Your flesh is heat resistant. (rF+) [Red
                  | Draconian growth]
  3179 | D:4      | Found a snail-covered altar of Cheibriados.
  3211 | D:4      | Found Mihelaep's Food Emporium.
  3745 | D:5      | Entered Level 5 of the Dungeon
  3760 | D:5      | Reached skill level 5 in Invocations
  3831 | D:5      | Reached ** piety under Okawaru
  4096 | D:5      | Got a slimy hand axe
  4097 | D:5      | Identified the +4 hand axe of Expedience {protect, rPois
                  | Str+3 Int+6 Dex-5} (You found it on level 5 of the Dungeon)
  4132 | D:5      | Reached XP level 8. HP: 70/70 MP: 12/12
  4737 | D:5      | Found a staircase to the Ecumenical Temple.
  4927 | Temple   | Entered the Ecumenical Temple
  5158 | D:6      | Reached skill level 5 in Dodging
  5186 | D:6      | Noticed Menkaure
  5189 | D:6      | Killed Menkaure
  5282 | D:6      | Noticed Edmund
  5291 | D:6      | Killed Edmund
  5291 | D:6      | Reached skill level 5 in Maces & Flails
  5291 | D:6      | Reached skill level 6 in Invocations
  5603 | D:6      | Found a radiant altar of Vehumet.
  5843 | D:7      | Reached *** piety under Okawaru
  5902 | D:7      | Reached XP level 9. HP: 70/79 MP: 13/13
  6134 | D:7      | Reached skill level 7 in Invocations
  6150 | D:7      | Reached **** piety under Okawaru
  6267 | D:8      | Noticed a dagger
  6271 | D:8      | Found a hide-covered altar of Uskayaw.
  6271 | D:8      | Noticed a hand axe
  6835 | D:8      | Found Piul's Distillery.
  6837 | D:8      | namelastname112: !lg people won r=thismouth
  6837 | D:8      | beem: No games for people (won r=thismouth).
  6837 | D:8      | namelastname112: !lg people thismounth won s=name
  6837 | D:8      | beem: No keyword 'thismounth'
  6837 | D:8      | namelastname112: !lg people thiswwek won s=name
  6837 | D:8      | beem: No keyword 'thiswwek'
  6837 | D:8      | namelastname112: !lg people thisweek won s=name
  6837 | D:8      | beem: 15 games for people (thisweek won): 4x epen, 3x
                  | namelastname112, 3x iamserjio, 2x TheNamelessOne,
                  | NeonDemon, Goblin1989, Tovarisch
  6884 | D:8      | Noticed Erica
  6898 | D:8      | Killed Erica
  6898 | D:8      | Reached ***** piety under Okawaru
  6898 | D:8      | Reached XP level 10. HP: 47/90 MP: 15/15
  6914 | D:8      | Noticed Prince Ribbit
  6919 | D:8      | Killed Prince Ribbit
  6919 | D:8      | Reached skill level 8 in Invocations
  7812 | D:9      | Found a runed door.
  7822 | D:9      | Noticed tsouns's ghost (novice OpWn)
  7823 | D:9      | Noticed a deep elf mage
  8635 | D:9      | Found a basalt altar of Yredelemnul.
  8635 | D:9      | Found a sparkling altar of Nemelex Xobeh.
  8820 | D:10     | Entered Level 10 of the Dungeon
  8829 | D:10     | Paralysed by a hornet for 3 turns
  8878 | D:10     | Noticed Erolcha
  8886 | D:10     | Killed Erolcha
  9215 | D:10     | Killed an unseen horror
  9364 | D:10     | Reached ****** piety under Okawaru
  9569 | D:10     | Noticed Snorg
  9600 | D:10     | Killed Snorg
  9600 | D:10     | Reached skill level 10 in Maces & Flails
  9600 | D:10     | Reached skill level 9 in Invocations
  9600 | D:10     | Reached XP level 11. HP: 39/97 MP: 17/17
  9605 | D:10     | Killed an unseen horror
 10090 | D:11     | Noticed an oklob plant
 10243 | D:11     | Found a staircase to the Lair.
 10249 | D:11     | Killed an oklob plant
 10368 | D:11     | Received a gift from Okawaru
 10486 | D:11     | Noticed a white ugly thing
 10533 | D:11     | Reached skill level 10 in Fighting
 10766 | D:11     | Noticed Josephine
 10785 | D:11     | Killed Josephine
 11446 | D:11     | Reached skill level 10 in Invocations
 11813 | D:11     | Noticed a two-headed ogre
 11849 | D:11     | Killed a two-headed ogre
 11898 | D:11     | Reached XP level 12. HP: 93/107 MP: 19/19
 11901 | D:11     | Noticed a two-headed ogre
 11926 | D:11     | Killed a two-headed ogre
 11926 | D:11     | Received a gift from Okawaru
 12274 | D:11     | Found a sparkling altar of Nemelex Xobeh.
 12628 | D:12     | Paralysed by a hornet for 1 turns
 13022 | D:12     | Found a staircase to the Orcish Mines.
 13544 | D:12     | HP: 3/108 [troll (10)]
 14171 | D:12     | Received a gift from Okawaru
 14777 | Orc:1    | Entered Level 1 of the Orcish Mines
 14878 | D:13     | Noticed a four-headed hydra
 14890 | D:13     | Killed a four-headed hydra
 14897 | D:13     | Noticed a vault guard
 15037 | D:12     | Killed a vault guard
 15267 | D:13     | Noticed a vault guard
 15279 | D:13     | Killed a vault guard
 15279 | D:13     | Reached skill level 11 in Invocations
 15611 | D:13     | Noticed Kirke
 15625 | D:13     | Killed Kirke
 15973 | D:13     | Noticed a death knight
 16337 | D:12     | Killed a death knight
 16337 | D:12     | Reached XP level 13. HP: 104/116 MP: 21/21
 17724 | D:13     | Noticed a brown very ugly thing
 17737 | D:13     | Killed a brown very ugly thing
 17737 | D:13     | Reached skill level 10 in Dodging
 18044 | D:12     | Received a gift from Okawaru
 18335 | D:13     | Found a shattered altar of Ashenzari.
 18412 | D:13     | Found a gate to the Vaults.
 19498 | D:14     | Reached skill level 12 in Invocations
 20944 | D:14     | Received a gift from Okawaru
 20958 | D:14     | Identified a +2 pair of boots of running (Okawaru gifted it
                  | to you on level 14 of the Dungeon)
 21074 | D:15     | Entered Level 15 of the Dungeon
 22269 | D:14     | Reached XP level 14. HP: 41/127 MP: 23/23
 23877 | D:15     | Found a staircase to the Depths.
 23994 | Lair:1   | Entered Level 1 of the Lair of Beasts
 24248 | Lair:1   | Found a glowing golden altar of the Shining One.
 24284 | Lair:1   | Reached skill level 15 in Maces & Flails
 25585 | Lair:2   | Found a staircase to the Swamp.
 26258 | Lair:3   | Received a gift from Okawaru
 26259 | Lair:3   | Got a pair of steaming gloves {god gift}
 26366 | Lair:3   | Identified the +2 pair of gloves "Kuulav" {rElec rF+++ rC+
                  | Dex-2} (Okawaru gifted it to you on level 3 of the Lair of
                  | Beasts)
 26519 | Lair:3   | Found a staircase to the Snake Pit.
 27388 | Lair:3   | Reached skill level 13 in Invocations
 28503 | Lair:4   | Found a frozen archway.
 28561 | IceCv    | Entered an ice cave
 29778 | IceCv    | Noticed a reaper
 29795 | IceCv    | Killed a reaper
 30978 | Lair:4   | Reached XP level 15. HP: 123/136 MP: 25/25
 32306 | Lair:5   | Received a gift from Okawaru
 33115 | Lair:6   | Entered Level 6 of the Lair of Beasts
 33352 | Lair:6   | Found a viscous altar of Jiyva.
 33805 | Lair:6   | Found a staircase to the Slime Pits.
 33831 | Lair:6   | Paralysed by a hornet for 2 turns
 35052 | Lair:6   | Got a shimmering bone amulet
 35114 | Lair:6   | Identified the amulet of Balance {Reflect SH+4 Stlth+} (You
                  | found it on level 6 of the Lair of Beasts)
 35253 | Lair:6   | Received a gift from Okawaru
 35272 | Lair:6   | Got a pair of faintly humming gloves {god gift}
 35283 | Lair:6   | Identified the +0 pair of gloves of Lyclukhloc {*Contam
                  | rPois rF+++ rC+ Stlth+} (Okawaru gifted it to you on level
                  | 6 of the Lair of Beasts)
 35927 | Orc:2    | Entered Level 2 of the Orcish Mines
 35938 | Orc:2    | Noticed Maurice
 35960 | Orc:2    | Killed Maurice
 35960 | Orc:2    | Found Utyust's Gadget Boutique.
 36322 | Orc:1    | Noticed Urug
 36336 | Orc:2    | Killed Urug
 37301 | Orc:2    | Found a staircase to the Elven Halls.
 39516 | Orc:2    | Found Onneadoh's Book Boutique.
 39516 | Orc:2    | Found Citos's Assorted Antiques.
 39517 | Orc:2    | Found Heeten's Distillery.
 39517 | Orc:2    | Found Zatz's Distillery.
 39525 | Orc:2    | Bought a potion of heal wounds for 75 gold pieces
 39527 | Orc:2    | Bought a potion of heal wounds for 75 gold pieces
 39528 | Orc:2    | Bought a scroll of teleportation for 114 gold pieces
 39645 | Orc:2    | Reached XP level 16. HP: 147/147 MP: 26/26
 39781 | Orc:1    | Noticed Nergalle
 39798 | Orc:2    | Killed Nergalle
 40463 | Elf:1    | Entered Level 1 of the Elven Halls
 40617 | Elf:1    | Found Obublopn's Antique Weapon Shoppe.
 40681 | Elf:1    | Found Qaps's Food Shop.
 40696 | Elf:1    | Found a runed door.
 40697 | Elf:1    | Noticed Hicoetiz's ghost (adept SpEn)
 40818 | Elf:1    | Received a gift from Okawaru
 40834 | Elf:1    | Got an iridescent demon whip {god gift}
 40836 | Elf:1    | Identified the +11 demon whip of Dust {drain, +Rage rElec
                  | Int+2} (Okawaru gifted it to you on level 1 of the Elven
                  | Halls)
 41103 | Elf:1    | Reached skill level 5 in Shields
 41732 | Elf:1    | Received a gift from Okawaru
 41750 | Elf:1    | Got a shimmering hat {god gift}
 41756 | Elf:1    | Identified the +1 hat of the Shrike {rN+} (Okawaru gifted
                  | it to you on level 1 of the Elven Halls)
 42814 | Elf:2    | Found a huge runed gate.
 42814 | Elf:2    | Found a huge runed gate.
 42814 | Elf:2    | Found a huge runed gate.
 42814 | Elf:2    | Found a huge runed gate.
 42814 | Elf:2    | Found a huge runed gate.
 42872 | Elf:3    | Entered Level 3 of the Elven Halls
 42872 | Elf:3    | Noticed Saint Roka
 43141 | Elf:3    | Killed Saint Roka
 43141 | Elf:3    | Reached skill level 10 in Shields
 43262 | Elf:3    | Found a flickering gateway to a bazaar.
 43267 | Bazaar   | Entered a bazaar
 43288 | Bazaar   | Found Wimokh's Food Boutique.
 43317 | Bazaar   | Found Ujeto's Food Boutique.
 43342 | Bazaar   | Found Enkil's Food Boutique.
 43456 | Elf:3    | Found Xeitruc's Jewellery Shoppe.
 43458 | Elf:3    | Found Enuenewu's Gadget Boutique.
 43459 | Elf:3    | Found Henem's Jewellery Shoppe.
 43468 | Elf:3    | Bought the ring "Lirchu Loigo" {rCorr Str+3 Dex+2 SInv} for
                  | 834 gold pieces
 43468 | Elf:3    | Bought the ring "Pid Migg" {rPois rC+ rN+ Str-3 Int+4} for
                  | 806 gold pieces
 43576 | Elf:3    | Received a gift from Okawaru
 43583 | Elf:3    | Got an ichor-stained buckler {god gift}
 43603 | Elf:3    | Identified the +3 buckler of Fooff {rPois Slay+5} (Okawaru
                  | gifted it to you on level 3 of the Elven Halls)
 43729 | Elf:3    | Noticed Asterion
 43742 | Elf:3    | Noticed an Executioner
 43754 | Elf:3    | Killed Asterion
 44304 | Elf:3    | Reached XP level 17. HP: 131/154 MP: 27/27
 45650 | Elf:3    | Noticed a deep elf blademaster
 46051 | Elf:3    | Killed a deep elf blademaster
 46391 | Elf:3    | Noticed a Brimstone Fiend
 46583 | Elf:3    | Identified the +9 dire flail of Woe {elec, rN+}
 46626 | Elf:3    | Noticed a deep elf master archer
 46650 | Elf:3    | Killed a deep elf master archer
 46796 | Elf:3    | Identified the amulet of Keosian {Gourm rC+ Str+3 Int+5
                  | Slay-3}
 46826 | Elf:3    | Noticed a deep elf blademaster
 46827 | Elf:3    | Noticed a deep elf master archer
 47075 | Elf:3    | Killed a deep elf master archer
 47116 | Elf:3    | Killed a deep elf blademaster
 47116 | Elf:3    | Received a gift from Okawaru
 47323 | Elf:3    | Identified the Guide on Congealing Venom
 47326 | Elf:3    | Identified Keodaz's Volume of Boosting Damage Dealing
 47346 | Elf:3    | Got a pair of fine gloves
 47347 | Elf:3    | Identified the +0 pair of gloves "Sikkaut" {Str+4} (You
                  | found it on level 3 of the Elven Halls)
 47644 | Snake:1  | Entered Level 1 of the Snake Pit
 47646 | Snake:1  | Identified the cursed +0 large shield "Fipn" {-Tele rElec
                  | Stlth+}
 47646 | Snake:1  | Noticed Louise
 47699 | Lair:3   | Killed Louise
 47803 | Snake:1  | Got a pair of transparent gloves
 47804 | Snake:1  | Identified the +1 pair of gloves "Goaluop" {rElec Int+4}
                  | (You found it on level 1 of the Snake Pit)
 48004 | Snake:1  | Reached skill level 15 in Shields
 49634 | Snake:2  | Reached XP level 18. HP: 97/162 MP: 28/28
 49856 | Snake:2  | Reached skill level 15 in Fighting
 50555 | Snake:2  | Received a gift from Okawaru
 51334 | Snake:3  | Found a large runed door.
 51334 | Snake:3  | Found a large runed door.
 51334 | Snake:3  | Noticed Utaireq's ghost (journeyman DsFi)
 51470 | Snake:3  | Noticed Agnes
 51486 | Snake:3  | Killed Agnes
 51823 | Snake:3  | Reached skill level 14 in Invocations
 52127 | Snake:4  | Entered Level 4 of the Snake Pit
 52151 | Snake:4  | Received a gift from Okawaru
 54305 | Snake:4  | Received a gift from Okawaru
 55128 | Snake:4  | Reached XP level 19. HP: 168/172 MP: 29/29
 55406 | Snake:4  | Got a serpentine rune of Zot
 55497 | Snake:4  | Found a runed door.
 55760 | Snake:4  | Received a gift from Okawaru
 55773 | Snake:4  | Got a bloodstained morningstar {god gift}
 55774 | Snake:4  | Identified the +2 morningstar of Eternal War {venom, *Rage
                  | +Fly rF+} (Okawaru gifted it to you on level 4 of the Snake
                  | Pit)
 56047 | Swamp:1  | Entered Level 1 of the Swamp
 56047 | Swamp:1  | Noticed Nikola
 56063 | Swamp:1  | Killed Nikola
 56387 | Swamp:1  | Noticed Jorgrun
 56409 | Swamp:1  | Killed Jorgrun
 56409 | Swamp:1  | Reached skill level 15 in Invocations
 56463 | Swamp:1  | Found a shimmering altar of Xom.
 57631 | Swamp:2  | Received a gift from Okawaru
 58799 | Swamp:4  | Entered Level 4 of the Swamp
 59063 | Swamp:4  | Received a gift from Okawaru
 59159 | Swamp:4  | Noticed the 27-headed Lernaean hydra
 59543 | Swamp:4  | Killed the 27-headed Lernaean hydra
 60145 | Swamp:4  | Got a decaying rune of Zot
 60655 | Vaults:1 | Entered Level 1 of the Vaults
 60813 | Vaults:1 | Reached XP level 20. HP: 85/184 MP: 31/31
 61462 | Vaults:1 | Reached skill level 16 in Invocations
 61611 | Vaults:1 | Found a portal to a secret trove of treasure.
 62217 | Vaults:1 | Reached skill level 15 in Dodging
 62878 | Vaults:1 | Received a gift from Okawaru
 64053 | Vaults:2 | Identified the +11 dagger of the Big Bang {freeze, rElec
                  | rN+ Str+4 Dex-5}
 64560 | Vaults:2 | Found a bloodstained altar of Trog.
 65369 | Vaults:2 | Received a gift from Okawaru
 65579 | Vaults:2 | Identified the Reference Book on Flight and Orientation
 65965 | Vaults:3 | Reached skill level 17 in Invocations
 65970 | Vaults:3 | Reached XP level 21. HP: 180/194 MP: 33/33
 66723 | Vaults:3 | Found a staircase to the Crypt.
 67013 | Vaults:3 | Found the +8 whip "Snakebite" {curare, rPois}
 67123 | Vaults:3 | Identified a scroll of acquirement
 67793 | Vaults:4 | Found Ollan's Gadget Boutique.
 67914 | Vaults:4 | Found Yceveosk's Food Shoppe.
 67944 | Vaults:4 | Found a flickering gateway to a bazaar.
 67954 | Bazaar   | Entered a bazaar
 67954 | Bazaar   | Found Suitif's Antique Weapon Boutique.
 67954 | Bazaar   | Found Meurusm's Armour Shop.
 67954 | Bazaar   | Found Min Odghioku's Armour Shop.
 67981 | Bazaar   | Bought the +2 hat of the Bear Spirit {Spirit, +Rage rN+
                  | MR++} for 508 gold pieces
 67981 | Bazaar   | Found the +2 hat of the Bear Spirit {Spirit, +Rage rN+
                  | MR++}
 68575 | Vaults:4 | Received a gift from Okawaru
 68723 | Vaults:4 | Found Ummoti's Antique Armour Boutique.
 69674 | Vaults:4 | Received a gift from Okawaru
 69688 | Vaults:4 | Got a pair of encrusted gloves {god gift}
 69689 | Vaults:4 | Identified the +2 pair of gloves "Irhog" {rN+} (Okawaru
                  | gifted it to you on level 4 of the Vaults)
 70024 | Depths:1 | Entered Level 1 of the Depths
 70323 | Depths:1 | Found a gateway to Hell.
 70590 | Depths:1 | Found a one-way gate to the infinite horrors of the Abyss.
 71593 | Depths:1 | Reached skill level 18 in Invocations
 71816 | Depths:2 | Reached XP level 22. HP: 177/206 MP: 33/35
 73235 | Depths:2 | Received a gift from Okawaru
 73238 | Depths:2 | Got a crude shield {god gift}
 73239 | Depths:2 | Identified the +0 shield of the Distant Future {rPois Str+2
                  | Int+4 SInv} (Okawaru gifted it to you on level 2 of the
                  | Depths)
 73891 | Depths:2 | Noticed a juggernaut
 73895 | Depths:2 | Noticed a juggernaut
 73911 | Depths:2 | Killed a juggernaut
 73917 | Depths:2 | Killed a juggernaut
 74058 | Depths:2 | Noticed a caustic shrike
 74060 | Depths:2 | Noticed a caustic shrike
 74061 | Depths:2 | Noticed a caustic shrike
 74063 | Depths:2 | Noticed a caustic shrike
 74064 | Depths:2 | Noticed a caustic shrike
 74343 | Depths:2 | Killed a caustic shrike
 74659 | Depths:1 | Killed a caustic shrike
 74909 | Depths:2 | Killed a caustic shrike
 75057 | Depths:2 | Killed a caustic shrike
 75074 | Depths:2 | Killed a caustic shrike
 75945 | Depths:3 | Reached skill level 19 in Invocations
 76052 | Depths:3 | Received a gift from Okawaru
 76068 | Depths:3 | Found Romuysipt's Antique Weapon Boutique.
 76073 | Depths:3 | Reached XP level 23. HP: 79/215 MP: 16/36
 76320 | Depths:3 | Got a pair of warped boots {god gift}
 76334 | Depths:3 | Identified the +1 pair of boots of Qiwez {rPois rF++ rN+
                  | Int-5} (Okawaru gifted it to you on level 3 of the Depths)
 76415 | Depths:3 | Found a gateway to a ziggurat.
 76825 | Depths:3 | Identified the +8 glaive of Ypuacli {elec, *Corrode rF+
                  | rC+}
 76899 | Depths:3 | Paralysed by a floating eye for 3 turns
 77169 | Depths:3 | Noticed a juggernaut
 77171 | Depths:3 | Noticed a caustic shrike
 77190 | Depths:3 | Noticed a caustic shrike
 77433 | Depths:3 | Killed a caustic shrike
 77633 | Depths:3 | Found a one-way gate leading to the halls of Pandemonium.
 77749 | Depths:3 | Killed a juggernaut
 78005 | Depths:3 | Received a gift from Okawaru
 78016 | Depths:3 | Got a pair of encrusted boots {god gift}
 78017 | Depths:3 | Identified the +0 pair of boots "Bouteot" {Str+3} (Okawaru
                  | gifted it to you on level 3 of the Depths)
 79146 | Depths:3 | Killed a caustic shrike
 79744 | Depths:4 | Noticed Margery
 79792 | Depths:4 | Killed Margery
 79901 | Depths:4 | Noticed a caustic shrike
 79913 | Depths:4 | Killed a caustic shrike
 80032 | Depths:4 | Reached skill level 20 in Invocations
 80049 | Depths:4 | Petrovich: быстро продвигаешься
 80466 | Depths:4 | namelastname112: на этом персе несложно
 80466 | Depths:4 | namelastname112: табаешь и все
 80542 | Depths:4 | Received a gift from Okawaru
 80881 | Depths:4 | Reached XP level 24. HP: 212/228 MP: 36/37
 80888 | Depths:4 | Noticed Mennas
 81002 | Depths:4 | Killed Mennas
 81008 | Depths:4 | Received a gift from Okawaru
 81012 | Depths:4 | Noticed a juggernaut
 81025 | Depths:4 | Killed a juggernaut
 81466 | Depths:4 | Received a gift from Okawaru
 81976 | Depths:5 | Entered Level 5 of the Depths
 82177 | Depths:5 | Found a gate to the Realm of Zot.
 83617 | Vaults:5 | Entered Level 5 of the Vaults
 83711 | Vaults:5 | Received a gift from Okawaru
 84752 | Vaults:5 | Learned a level 3 spell: Regeneration
 84759 | Vaults:5 | Learned a level 6 spell: Deflect Missiles
 84780 | Vaults:5 | Reached skill level 1 in Charms
 84780 | Vaults:5 | Reached skill level 1 in Air Magic
 84840 | Vaults:5 | Reached skill level 1 in Spellcasting
 85036 | Vaults:5 | Reached XP level 25. HP: 152/237 MP: 23/37
 85214 | Vaults:5 | Got a glittering tin ring
 85228 | Vaults:5 | Identified the ring of Zeqoataw {rF- rN+ Slay+2 SInv
                  | Stlth-} (You took it off a vault guard on level 5 of the
                  | Vaults)
 85393 | Vaults:5 | Received a gift from Okawaru
 85757 | Vaults:5 | Noticed an ancient lich
 85774 | Vaults:5 | Killed an ancient lich
 85774 | Vaults:5 | Reached skill level 5 in Air Magic
 86016 | Vaults:5 | Reached skill level 5 in Spellcasting
 86016 | Vaults:5 | Reached skill level 5 in Charms
 86510 | Vaults:5 | Got a silver rune of Zot
 87568 | Slime:1  | Entered Level 1 of the Pits of Slime
 87956 | Slime:2  | Gained mutation: Your magical capacity is low. (-10% MP) [a
                  | shining eye]
 87957 | Slime:2  | Gained mutation: Your spells are a little easier to cast,
                  | but a little less powerful. [a shining eye]
 87960 | Slime:1  | Gained mutation: You occasionally shout uncontrollably at
                  | your foes. [a shining eye]
 87963 | Slime:1  | Gained mutation: Your mind is acute. (Int +2) [a shining
                  | eye]
 87988 | Slime:2  | Lost mutation: Your mind is acute. (Int +2) [a shining eye]
 88113 | Slime:3  | Received a gift from Okawaru
 88128 | Slime:3  | Gained mutation: You are dopey. (Int -2) [a shining eye]
 88551 | Slime:4  | Gained mutation: Your body sometimes deteriorates upon
                  | taking damage. [a shining eye]
 88579 | Slime:5  | Entered Level 5 of the Pits of Slime
 88601 | Slime:4  | Gained mutation: You are weak. (Str -2) [a shining eye]
 88977 | Slime:5  | Found a viscous altar of Jiyva.
 88977 | Slime:5  | Noticed the Royal Jelly
 89006 | Slime:5  | Found the +0 Maxwell's etheric cage {RegenMP+ *Contam rElec
                  | MP+4}
 89529 | Slime:5  | Reached XP level 26. HP: 140/239 MP: 32/33
 89930 | Slime:5  | Killed the Royal Jelly
 90060 | Slime:5  | Got a slimy rune of Zot
 90101 | Slime:5  | Got a heavily runed copper ring
 90110 | Slime:5  | Identified the Reference Book on Conjuration
 90210 | Lair:6   | Identified the ring of Ychuseim {*Contam +Inv Int+4 Dex+7
                  | SInv} (You found it on level 5 of the Pits of Slime)
 90221 | Lair:6   | Lost mutation: Your body sometimes deteriorates upon taking
                  | damage. [potion of mutation]
 90221 | Lair:6   | Lost mutation: Your magical capacity is low. (-10% MP)
                  | [potion of mutation]
 90221 | Lair:6   | Lost mutation: You occasionally shout uncontrollably at
                  | your foes. [potion of mutation]
 90221 | Lair:6   | Lost mutation: You are weak. (Str -2) [potion of mutation]
 90221 | Lair:6   | Gained mutation: You evolve. [potion of mutation]
 90221 | Lair:6   | Gained mutation: You are resistant to electric shocks.
                  | (rElec) [potion of mutation]
 90369 | Lair:1   | Fell from the grace of Okawaru
 90369 | Lair:1   | Became a worshipper of the Shining One
 90542 | Orc:2    | Bought a book of Minor Magic for 260 gold pieces
 90545 | Orc:2    | Learned a level 2 spell: Blink
 90766 | Crypt:1  | Entered Level 1 of the Crypt
 90779 | Crypt:1  | Reached skill level 10 in Air Magic
 90855 | Crypt:1  | Reached * piety under the Shining One
 91033 | Crypt:1  | Reached ** piety under the Shining One
 91399 | Crypt:1  | Reached *** piety under the Shining One
 91565 | Crypt:1  | Reached **** piety under the Shining One
 91811 | Crypt:1  | Got a twitching bone amulet
 91840 | Crypt:1  | Noticed Xtahua
 91946 | Crypt:1  | Killed Xtahua
 91946 | Crypt:1  | Reached skill level 21 in Invocations
 92749 | Crypt:2  | Reached ***** piety under the Shining One
 92761 | Crypt:2  | Reached skill level 10 in Spellcasting
 93272 | Crypt:3  | Entered Level 3 of the Crypt
 93391 | Crypt:3  | Noticed Frederick
 93411 | Crypt:3  | Killed Frederick
 93801 | Crypt:3  | Reached ****** piety under the Shining One
 94370 | Crypt:3  | Gained mutation: You passively map a small area around you.
                  | [evolution]
 94850 | Crypt:3  | Identified the Grimoire of Unholy Magic
 94946 | Crypt:3  | Found a staircase to the Tomb.
 95039 | Crypt:3  | Found an ancient bone altar of Kikubaaqudgha.
 95041 | Crypt:3  | Noticed an ancient lich
 95053 | Crypt:3  | Killed an ancient lich
 95060 | Crypt:3  | Noticed an ancient lich
 95086 | Crypt:3  | Killed an ancient lich
 95840 | Crypt:3  | Identified the amulet "Nisch" {Reflect rPois SH+5} (You
                  | found it on level 1 of the Crypt)
 96791 | Pan      | Entered Pandemonium
 97024 | Pan      | Reached XP level 27. HP: 254/254 MP: 37/37
 97237 | Pan      | Noticed Illurr the pandemonium lord
 97255 | Pan      | Gained mutation: Your magical capacity is low. (-10% MP) [a
                  | neqoxec]
 97266 | Pan      | Killed Illurr the pandemonium lord
 97832 | Pan      | Entered the realm of Cerebov.
 98224 | Pan      | Identified the +5 dagger of Samawn {antimagic, rPois rN+++
                  | Str+4 Int+3}
 98286 | Pan      | Identified Uwnygank's Papyrus of Icy Enhancements
 98319 | Pan      | Identified the +9 lajatang of Toesu {chaos, *Contam rElec
                  | rF+ Int+4}
 98353 | Pan      | Identified the +6 sword of Cerebov {flame}
 98353 | Pan      | Noticed Cerebov
 98751 | Pan      | Reached skill level 10 in Charms
 99090 | Pan      | Identified the +7 eveningstar "Sixzag" {crush, rC+ MR+
                  | Int+2 Dex-3}
 99090 | Pan      | Identified the +1 scale mail of the Moon {Slay+3}
 99146 | Pan      | Killed Cerebov
 99146 | Pan      | Reached skill level 22 in Invocations
 99228 | Pan      | Got a fiery rune of Zot
 99360 | Pan      | Entered the realm of Lom Lobon.
 99464 | Pan      | Noticed Lom Lobon
 99801 | Pan      | Was forgiven by Okawaru
100567 | Pan      | Found an exit through the horrors of the Abyss.
101188 | Pan      | Gained mutation: You have a beak for a mouth. [evolution]
101608 | Pan      | Learned a level 1 spell: Apportation
101630 | Pan      | Got a magical rune of Zot
101805 | Pan      | Gained mutation: Your magical capacity is very low. (-20%
                  | MP) [a cacodemon]
102007 | Pan      | Found an exit through the horrors of the Abyss.
102227 | Pan      | Noticed Latef the pandemonium lord
102251 | Pan      | Killed Latef the pandemonium lord
102666 | Pan      | Got a bloodstained buckler
102667 | Pan      | Identified the +0 buckler of the City {rN+ Dex+3} (You
                  | found it in Pandemonium)
102829 | Pan      | Found an exit through the horrors of the Abyss.
102914 | Pan      | Entered the realm of Mnoleg.
102914 | Pan      | Noticed Lom Lobon
102949 | Pan      | Gained mutation: Your body sometimes deteriorates upon
                  | taking damage. [a cacodemon]
102952 | Pan      | Paralysed by a floating eye for 4 turns
102953 | Pan      | Gained mutation: Potions are less effective at restoring
                  | your health. [a neqoxec]
102956 | Pan      | Gained mutation: You occasionally shout uncontrollably at
                  | your foes. [a shining eye]
102961 | Pan      | Gained mutation: You are weak. (Str -2) [a shining eye]
102972 | Pan      | Gained mutation: You are very weak. (Str -4) [a neqoxec]
102973 | Pan      | Gained mutation: You are frail. (-10% HP) [a shining eye]
102978 | Pan      | Gained mutation: You are very dopey. (Int -4) [a neqoxec]
102995 | Pan      | Gained mutation: Your spells are easier to cast, but less
                  | powerful. [a cacodemon]
103163 | Pan      | Gained mutation: Your body often deteriorates upon taking
                  | damage. [a cacodemon]
103166 | Pan      | Noticed Mnoleg
103193 | Pan      | Paralysed by a floating eye for 4 turns
103203 | Pan      | Paralysed by a floating eye for 3 turns
103206 | Pan      | Killed Mnoleg
103210 | Pan      | Reached skill level 23 in Invocations
103295 | Pan      | Got a glowing rune of Zot
103340 | Pan      | Entered the realm of Gloorx Vloq.
103351 | Pan      | Lost mutation: You are frail. (-10% HP) [potion of
                  | mutation]
103351 | Pan      | Lost mutation: You evolve. [potion of mutation]
103351 | Pan      | Lost mutation: Your body often deteriorates upon taking
                  | damage. [potion of mutation]
103351 | Pan      | Gained mutation: You have a pair of small antennae on your
                  | head. [potion of mutation]
103352 | Pan      | Lost mutation: You are very weak. (Str -4) [potion of
                  | mutation]
103352 | Pan      | Lost mutation: You are weak. (Str -2) [potion of mutation]
103352 | Pan      | Lost mutation: Your body sometimes deteriorates upon taking
                  | damage. [potion of mutation]
103352 | Pan      | Gained mutation: Potions are poor at restoring your health.
                  | [potion of mutation]
103352 | Pan      | Gained mutation: You are agile. (Dex +2) [potion of
                  | mutation]
103353 | Pan      | Lost mutation: Your magical capacity is very low. (-20% MP)
                  | [potion of mutation]
103353 | Pan      | Lost mutation: Your spells are easier to cast, but less
                  | powerful. [potion of mutation]
103353 | Pan      | Lost mutation: You occasionally shout uncontrollably at
                  | your foes. [potion of mutation]
103353 | Pan      | Gained mutation: You are weak. (Str -2) [potion of
                  | mutation]
103353 | Pan      | Gained mutation: You possess an exceptional clarity of
                  | mind. [potion of mutation]
103502 | Pan      | Found an exit through the horrors of the Abyss.
103889 | Pan      | Noticed Gloorx Vloq
104818 | Pan      | Killed Gloorx Vloq
104859 | Pan      | Got a dark rune of Zot
105031 | Pan      | Found an exit through the horrors of the Abyss.
105137 | Pan      | Noticed Sufimiud the pandemonium lord
105161 | Pan      | Killed Sufimiud the pandemonium lord
105436 | Pan      | Gained mutation: Scrolls take you a little longer to read.
                  | [a neqoxec]
105438 | Pan      | Gained mutation: Your body sometimes deteriorates upon
                  | taking damage. [a neqoxec]
105555 | Pan      | Found an exit through the horrors of the Abyss.
105582 | Pan      | Found a huge runed gate.
105582 | Pan      | Found a huge runed gate.
105582 | Pan      | Found a huge runed gate.
105600 | Pan      | Found a huge runed gate.
105600 | Pan      | Found a huge runed gate.
105600 | Pan      | Found a huge runed gate.
105600 | Pan      | Found a huge runed gate.
105607 | Pan      | Found a huge runed gate.
105612 | Pan      | Found a huge runed gate.
105613 | Pan      | Found a huge runed gate.
105613 | Pan      | Found a huge runed gate.
105613 | Pan      | Found a huge runed gate.
105613 | Pan      | Found a huge runed gate.
105624 | Pan      | Found a huge runed gate.
105625 | Pan      | Found a huge runed gate.
105626 | Pan      | Found a huge runed gate.
105626 | Pan      | Found a huge runed gate.
105626 | Pan      | Found a huge runed gate.
105626 | Pan      | Found a huge runed gate.
105626 | Pan      | Noticed Sericva the pandemonium lord
105635 | Pan      | Killed Sericva the pandemonium lord
105680 | Pan      | Found a huge runed gate.
105762 | Pan      | Noticed Lom Lobon
105822 | Pan      | Noticed Ignacio
105835 | Pan      | Killed Ignacio
106004 | Pan      | Reached skill level 24 in Invocations
106026 | Pan      | Gained mutation: Your body often deteriorates upon taking
                  | damage. [a cacodemon]
106199 | Pan      | Noticed Eroedig the pandemonium lord
106250 | Pan      | Killed Eroedig the pandemonium lord
106422 | Pan      | Noticed Lom Lobon
106670 | Pan      | Reached skill level 1 in Translocations
106678 | Pan      | Noticed Hupiusuc the pandemonium lord
106693 | Pan      | Gained mutation: You are very weak. (Str -4) [a neqoxec]
106696 | Pan      | Killed Hupiusuc the pandemonium lord
106957 | Pan      | Found an exit through the horrors of the Abyss.
107085 | Pan      | Noticed Voymumul the pandemonium lord
107103 | Pan      | Killed Voymumul the pandemonium lord
107169 | Pan      | Gained mutation: You occasionally shout uncontrollably at
                  | your foes. [a neqoxec]
107341 | Pan      | Noticed Pemuts the pandemonium lord
107353 | Pan      | Killed Pemuts the pandemonium lord
107353 | Pan      | Reached skill level 5 in Translocations
107817 | Pan      | Noticed Tilao the pandemonium lord
107857 | Pan      | Killed Tilao the pandemonium lord
107869 | Pan      | Lost mutation: You are agile. (Dex +2) [a cacodemon]
107992 | Pan      | Gained mutation: Your magical capacity is very low. (-20%
                  | MP) [a neqoxec]
107994 | Pan      | Gained mutation: Scrolls take you longer to read. [a
                  | neqoxec]
108332 | Pan      | Gained mutation: Your spells are easier to cast, but less
                  | powerful. [a neqoxec]
108607 | Pan      | Noticed Qeuc the pandemonium lord
108611 | Pan      | Reached skill level 25 in Invocations
108631 | Pan      | Killed Qeuc the pandemonium lord
108793 | Pan      | Noticed Liara the pandemonium lord
108967 | Pan      | Killed Liara the pandemonium lord
109847 | Pan      | Lost mutation: You possess an exceptional clarity of mind.
                  | [a neqoxec]
109868 | Pan      | Reached skill level 15 in Spellcasting
109887 | Pan      | Got a demonic rune of Zot
109904 | Pan      | Found an exit through the horrors of the Abyss.
109943 | Pan      | Took an exit into the Abyss.
109943 | Abyss:1  | Escaped into the Abyss
109960 | Abyss:1  | Found a corrupted altar of Lugonu.
110297 | Abyss:3  | Got an abyssal rune of Zot
110305 | Depths:3 | Escaped the Abyss
110579 | Orc:2    | Bought 2 potions of mutation for 240 gold pieces
110579 | Orc:2    | Lost mutation: Your spells are easier to cast, but less
                  | powerful. [potion of mutation]
110579 | Orc:2    | Lost mutation: You are very weak. (Str -4) [potion of
                  | mutation]
110579 | Orc:2    | Lost mutation: You are weak. (Str -2) [potion of mutation]
110579 | Orc:2    | Gained mutation: Your tail ends in a poisonous barb.
                  | [potion of mutation]
110580 | Orc:2    | Lost mutation: Your magical capacity is very low. (-20% MP)
                  | [potion of mutation]
110580 | Orc:2    | Lost mutation: Your magical capacity is low. (-10% MP)
                  | [potion of mutation]
110580 | Orc:2    | Lost mutation: You are resistant to electric shocks.
                  | (rElec) [potion of mutation]
110580 | Orc:2    | Lost mutation: Scrolls take you longer to read. [potion of
                  | mutation]
110580 | Orc:2    | Lost mutation: Your spells are a little easier to cast, but
                  | a little less powerful. [potion of mutation]
110580 | Orc:2    | Gained mutation: You have an increased reservoir of magic.
                  | (+10% MP) [potion of mutation]
111005 | Tomb:1   | Entered Level 1 of the Tomb of the Ancients
111167 | Tomb:1   | namelastname112: ??ushabti
111167 | Tomb:1   | beem: ushabti[1/1]: tomb monster which shouts very loudly,
                  | shoots miasma clouds ({death_rattle}) and casts
                  | {dispel_undead}. has rather low HP.
111167 | Tomb:1   | namelastname112: @??ushabti
111167 | Tomb:1   | beem: ushabti (8)
                  | Spd:
     8 | HD: 7    | HP: 38-52
                  | AC/EV: 9/6
                  | | Dam: 30
                  | non-living, fighter, see invisible, unbreathing
                  | | Res: magic(immune), fire, cold, elec, poison+++, drown,
                  | rot+++, neg+++, torm
                  | XP: 206
                  | Sp: death rattle (2d4)
                  | [!sil], warning cry [!AM, breath], dispel undead (3d14)
                  | [!sil]
                  | Sz: little
                  | Int: human.
111505 | Tomb:1   | Noticed a greater mummy
111524 | Tomb:1   | Killed a greater mummy
111917 | Tomb:2   | Noticed an ancient lich
111918 | Tomb:2   | Noticed a greater mummy
111934 | Tomb:2   | Killed a greater mummy
111942 | Tomb:2   | Reached skill level 26 in Invocations
111945 | Tomb:2   | Killed an ancient lich
111960 | Tomb:2   | Noticed a greater mummy
112244 | Tomb:2   | Noticed a greater mummy
112247 | Tomb:2   | Killed a greater mummy
112255 | Tomb:2   | Killed a greater mummy
112637 | Tomb:3   | Entered Level 3 of the Tomb of the Ancients
112658 | Tomb:3   | Noticed an ancient lich
112662 | Tomb:3   | Noticed a greater mummy
112662 | Tomb:3   | Noticed a greater mummy
113055 | Tomb:3   | Noticed a greater mummy
113056 | Tomb:3   | Killed an ancient lich
113059 | Tomb:3   | Noticed a greater mummy
113060 | Tomb:3   | Noticed Khufu
113061 | Tomb:3   | Noticed a greater mummy
113083 | Tomb:3   | Noticed a greater mummy
113093 | Tomb:2   | Killed a greater mummy
113620 | Tomb:3   | Killed a greater mummy
113622 | Tomb:3   | Killed a greater mummy
113623 | Tomb:3   | Killed a greater mummy
113624 | Tomb:3   | Killed a greater mummy
113624 | Tomb:3   | Noticed an ancient lich
113647 | Tomb:3   | Killed a greater mummy
113663 | Tomb:2   | Killed from afar by an ancient lich

Vault maps used:
D:1:      kb_arrival_jail
D:2:      ashenzari_conservatory_becter, serial_undead, serial_undead_c,
          serial_undead_c, serial_undead_d, serial_undead_d, okawaru_trees_1,
          uniq_sigmund
D:3:      minivault_4
D:4:      kennysheep_slug_shrine, serial_shops, shop
D:5:      minmay_temple_entry_mist, first_ration
D:6:      marbit_many_paths, uniq_menkaure, uniq_edmund
D:7:      grunt_livestock
D:8:      dancing_weapons_uskayaw, serial_shops, shop, uniq_erica,
          uniq_prince_ribbit1
D:9:      gammafunk_temple_overflow_wave, ebering_ghost_inner_flame,
          kennysheep_generic_room_16
D:10:     uniq_snorg, uniq_erolcha
D:11:     cheibrodos_fzero, dpeg_oklobed_lair, basic_altar,
          nicolae_two_hexagons, uniq_josephine
D:12:     zombieorc1_lemuel
D:13:     lightli_vaults_fourway_checkpoint, basic_altar, uniq_kirke
D:14:     kennysheep_small_spiral, lemuel_flamethrower_3
D:15:     gammafunk_enter_depths_forms
Temple:   nicolae_temple_elliptical
Lair:1:   basic_altar
Lair:2:   swamp_mist_pool, minmay_lair_oklob_chamber
Lair:3:   guppyfry_snake_entry_garden, worms_lemuel
Lair:4:   cheibrodos_lair_overgrown_chateau, portal_ice_cave_entry_ice_beasts,
          kilobyte_rumbling_trees
Lair:6:   gammafunk_lair_ancient_temple, slime_altar_1
Swamp:1:  basic_altar, swamp_pool1, infiniplex_staircase_pool, uniq_nikola,
          uniq_jorgrun
Swamp:2:  nicolae_swamp_dense_foliage
Swamp:3:  evilmike_swamp_ruin_house_2, swamp_pool1
Swamp:4:  swamp_alternative
Snake:1:  nicolae_snake_lava_pool, uniq_louise
Snake:3:  ebering_ghost_disaster_area, uniq_agnes
Snake:4:  snake_pit, grunt_ministairs_5, lightli_airlock
Slime:1:  cheibrodos_slime_lost_civilization_6
Slime:4:  uniq_dissolution
Orc:1:    uniq_nergalle, uniq_urug
Orc:2:    st_orc_pillars, serial_shops, shop, uniq_maurice
Elf:1:    eino_elf_arrival_sip, serial_shops, shop, shop,
          ebering_ghost_inner_flame, evilmike_minifort
Elf:3:    elf_hall_gauntlet_narrow, serial_shops, bzr_entry_road,
          minmay_shop_grove, uniq_asterion, uniq_saint_roka
Vaults:1: v_misc_25, v_misc_2, nicolae_vaults_stairing_the_circle,
          hangedman_vaults_restitches, vaults_room_ringed_pool,
          nicolae_vaults_circle_grid_b, nicolae_vaults_windows_and_doors_thing,
          v_misc_23, nicolae_vaults_little_squares_6, vaults_dpeg_encased_lava,
          nicolae_vaults_little_squares_3, nicolae_trove_entry_diagonal
Vaults:2: st_greater_box_4, v_rooms_4, v_misc_2, vaults_mumra_hex, v_misc_26,
          ontoclasm_vaults_loading_screen, hangedman_vaults_trim,
          vaults_room_hallway, hangedman_vaults_stretched_pinwheel,
          vaults_dpeg_ring, nicolae_vaults_asterisk, basic_altar
Vaults:3: nicolae_vaults_ring_of_whatevers, nicolae_vaults_disjoint_gnomons,
          vaults_dpeg_cross, vaults_room_grid, st_hourglassy,
          vaults_room_semicircle, vaults_room_large_hall, v_misc_14,
          nicolae_vaults_little_squares_4, dummy_crypt_entry
Vaults:4: v_rooms_3, hangedman_vaults_pinch, hangedman_vaults_capsules,
          grunt_vaults_focal, nicolae_vaults_yaktaur_gun_rack, serial_shops,
          bzr_entry_islet, shop, nicolae_shop_crystal, nicolae_shop_waterfront
Vaults:5: serial_shops
Crypt:1:  uniq_xtahua
Crypt:3:  quadcrypt_mu, uniq_frederick
Depths:1: chequers_serial_rivers_micro_c, abyss_entry_small_statue_room,
          hell_entry, kennysheep_generic_room_12, serial_bayou_shore_a,
          roderic_lattice_octagonal_star
Depths:2: grunt_twisty_corner, abyss_entry_crystal, minmay_staircase_bubble,
          hell_entry, minmay_crystal_room
Depths:3: angbandy_vault, enter_ziggurat_d, grunt_hell_entry_dis_mu,
          minmay_room_of_horrors, serial_shops, kennysheep_little_box,
          minmay_misc_feat_cross, grunt_pan_entry_sceptre
Depths:4: minmay_octo_star, abyss_entry, grunt_metal_band, minivault_11,
          uniq_mennas
Depths:5: grunt_zot_entry_alcove, hell_entry
Abyss:3:  small_statue_intersection, minivault_28,
          grunt_abyss_rune_forest_and_sorcery, minivault_24
Pan:      nicolae_pan_hourglass, nicolae_pan_gloorx_vloqian_2,
          nicolae_pan_sigil_uleosi, rand_demon_8, pan_blood_fountain_small,
          grunt_pan_pentagram, evilmike_mini_pan_possible_glass,
          nicolae_pan_sigil_eeng, cerebov_grunt_fire_and_steel,
          nicolae_pan_mnolegish_1, lom_lobon, pan_blood_fountain,
          nicolae_pan_hourglass, evilmike_mini_pan_pillars,
          pan_blood_fountain_small, nicolae_pan_strange_glyphs, pan_surprise,
          rand_demon_6, reaverb_pan_chaos_star, evilmike_mini_pan_pillars,
          reaverb_pan_squares, evilmike_mini_pan_T, pan_blood_fountain,
          nicolae_pan_sigil_uleosi, pan_captured_pigsty, nicolae_pan_glass_arcs,
          evilmike_mnoleg_eyes, uniq_lom_lobon, pan_blood_fountain_small,
          gloorx_vloq, rand_demon_8, pan_blood_fountain_2, pan_blood_fountain,
          evilmike_mini_pan_branches, uniq_lom_lobon, evilmike_mini_pan_doors,
          evilmike_mini_pan_murderfest, evilmike_mini_pan_pillars_b,
          pan_blood_fountain_small, uniq_lom_lobon,
          nicolae_pan_gloorx_vloqian_4, grunt_pan_frozen_over, uniq_ignacio,
          rand_demon_6, uniq_lom_lobon, lemuel_hellion_island, grunt_pan_spiral,
          pan_blood_fountain, regret_index_pan_draining_boxed, rand_demon_9,
          evilmike_mini_pan_diamond, uniq_lom_lobon, grunt_pan_pentagram,
          pan_blood_fountain_small, grunt_pan_zigzag, pan_blood_fountain_small,
          evilmike_mini_pan_pillars_b, evilmike_mini_pan_V, uniq_lom_lobon,
          pan_blood_fountain_small, nicolae_pan_cerebovesque_1,
          evilmike_mini_pan_diamond, grunt_pan_sceptre
Bazaar:   bazaar_minmay_snake, bazaar_outfitter
IceCv:    ice_cave_small_demon

Skill      XL: |  1  2  3  4  5  6  7  8  9 10 11 12 13 14 15 16 17 18 19 20 21 22 23 24 25 26 27 |
---------------+----------------------------------------------------------------------------------+-----
Dodging        | 1 2 3 4 5 6 7 8 9 10 11 12 13 14 15 16 17 18 19 22 | 22.0
Fighting       | 3 4 5 6 7 8 9 10 11 12 13 14 16 17 18 19 20 21 22 25 | 25.2
Invocations    | 1 3 4 5 6 7 9 10 11 12 13 14 15 17 18 19 20 21 26 | 26.6
Maces & Flails | 6 8 10 11 13 14 15 17 18 19 20 21 22 23 25 | 25.3
Shields        | 11 15 | 15.4
Charms         | 2 8 9 14 | 14.7
Air Magic      | 2 9 10 | 10.7
Spellcasting   | 2 8 10 15 | 15.9
Translocations | 9 |  9.8
Axes           | |  2.0
Stealth        | |  1.0

Action                   |  1- 3 |  4- 6 |  7- 9 | 10-12 | 13-15 | 16-18 | 19-21 | 22-24 | 25-27 || total
-------------------------+-------+-------+-------+-------+-------+-------+-------+-------+-------++-------
Melee: Hand axe          |   116 |     8 |   298 |   141 |       |       |       |       |       ||   563
       Tailslap          |    12 |    13 |    43 |   126 |   365 |   182 |   373 |   389 |  1095 ||  2598
       Whip              |       |    87 |    97 |   415 |       |       |       |       |       ||   599
       Quick blade       |       |       |       |    12 |       |       |       |       |       ||    12
       Dire flail        |       |       |       |   162 |   289 |       |       |       |       ||   451
       Great mace        |       |       |       |   157 |  1814 |   110 |       |       |       ||  2081
       Unarmed           |       |       |       |     6 |       |       |       |       |       ||     6
       Demon whip        |       |       |       |       |       |  1492 |  2433 |  2181 |   998 ||  7104
       Sacred scourge    |       |       |       |       |       |       |       |       |  4437 ||  4437
       Peck              |       |       |       |       |       |       |       |       |   573 ||   573
 Cast: Regeneration      |       |       |       |       |       |       |       |       |    17 ||    17
       Deflect Missiles  |       |       |       |       |       |       |       |       |     8 ||     8
       Blink             |       |       |       |       |       |       |       |       |     5 ||     5
       Apportation       |       |       |       |       |       |       |       |       |     5 ||     5
Invok: Heroism           |       |       |       |     2 |     4 |       |     2 |     4 |     3 ||    15
       Finesse           |       |       |       |       |     1 |     1 |       |     4 |     2 ||     8
       Cleansing Flame   |       |       |       |       |       |       |       |       |   130 ||   130
       Summon Divine War |       |       |       |       |       |       |       |       |     9 ||     9
       Divine Shield     |       |       |       |       |       |       |       |       |     3 ||     3
 Abil: Breathe Fire      |       |       |    10 |    24 |    24 |     8 |     1 |     4 |     4 ||    75
       Evoke Berserk Rag |       |       |       |       |       |       |       |       |     1 ||     1
Evoke: Wand              |       |       |       |     8 |     4 |     4 |     6 |       |     8 ||    30
       Lightning rod     |       |       |       |       |     4 |     5 |       |       |       ||     9
  Use: Potion            |     1 |     1 |     1 |     3 |     5 |     8 |     3 |     1 |    28 ||    51
       Scroll            |     3 |       |    18 |    10 |    15 |     9 |     8 |    11 |    38 ||   112
 Stab: Sleeping          |     1 |     1 |     4 |     8 |     4 |     8 |    11 |     4 |     1 ||    42
       Distracted        |       |       |       |       |     1 |     3 |     3 |     1 |     2 ||    10
       Invisible         |       |       |       |       |       |       |     5 |       |       ||     5
       Confused          |       |       |       |       |       |       |     2 |     1 |       ||     3
  Eat: Chunk             |     1 |     6 |    11 |    15 |    36 |     9 |    24 |    17 |     9 ||   128
       Ration            |       |       |     1 |    10 |    13 |    12 |     8 |     8 |    33 ||    85
Armor: Skin              |    59 |    34 |   194 |   283 |   659 |   230 |   307 |   293 |   653 ||  2712
Dodge: Dodged            |    92 |    55 |   241 |   732 |  2003 |   605 |   896 |   906 |  2541 ||  8071
       Deflected         |       |       |       |       |       |       |       |       |    59 ||    59
Block: Other             |       |       |       |       |    74 |    20 |       |       |       ||    94
       Reflection        |       |       |       |       |     1 |    90 |    63 |    65 |   146 ||   365
       Shield            |       |       |       |       |       |   169 |       |       |       ||   169
       Buckler           |       |       |       |       |       |   528 |  1066 |   922 |  3660 ||  6176

Table legend:
 A = Non-vault XP
 B = Vault XP
 C = Vault XP percentage of total XP
 D = Non-vault monster count
 E = Vault monster count
 F = Vault count percentage of total count
                 A         B        C        D         E       F
            +---------+---------+-------+---------+---------+-------
      Total | 1185519 | 1319312 |  52.7 |    2222 |    1267 |  36.3
            +---------+---------+-------+---------+---------+-------
        D:1 |      18 |       0 |   0.0 |      10 |       0 |   0.0
        D:2 |      93 |     230 |  71.2 |      24 |       6 |  20.0
        D:3 |     177 |       0 |   0.0 |      26 |       0 |   0.0
        D:4 |     616 |       4 |   0.6 |      19 |       1 |   5.0
        D:5 |     331 |       0 |   0.0 |      16 |       0 |   0.0
        D:6 |     735 |     323 |  30.5 |      21 |       2 |   8.7
        D:7 |     720 |     989 |  57.9 |      10 |       5 |  33.3
        D:8 |    1377 |    1219 |  47.0 |      26 |       2 |   7.1
        D:9 |     964 |      33 |   3.3 |      30 |       1 |   3.2
       D:10 |    3336 |    2096 |  38.6 |      31 |       2 |   6.1
       D:11 |    5409 |    6026 |  52.7 |      46 |      22 |  32.4
       D:12 |    6430 |    4122 |  39.1 |      44 |      34 |  43.6
       D:13 |    6678 |    8565 |  56.2 |      38 |      16 |  29.6
       D:14 |   13092 |     428 |   3.2 |      42 |       1 |   2.3
       D:15 |   10060 |    3581 |  26.3 |      24 |       9 |  27.3
     Lair:1 |    5474 |       0 |   0.0 |      24 |       0 |   0.0
     Lair:2 |     636 |       0 |   0.0 |       5 |       0 |   0.0
     Lair:3 |    8633 |    4508 |  34.3 |      38 |      17 |  30.9
     Lair:4 |    3351 |    7640 |  69.5 |      11 |      32 |  74.4
     Lair:5 |    2948 |       0 |   0.0 |      11 |       0 |   0.0
     Lair:6 |   12622 |    9643 |  43.3 |      40 |      25 |  38.5
    Swamp:1 |    9548 |    6355 |  40.0 |      22 |       2 |   8.3
    Swamp:2 |   11038 |       0 |   0.0 |      38 |       0 |   0.0
    Swamp:3 |   17769 |       0 |   0.0 |      48 |       0 |   0.0
    Swamp:4 |   12911 |   21516 |  62.5 |      33 |      25 |  43.1
    Snake:1 |   20776 |    2187 |   9.5 |      35 |      13 |  27.1
    Snake:2 |   25182 |       0 |   0.0 |      49 |       0 |   0.0
    Snake:3 |   23512 |    2107 |   8.2 |      40 |       1 |   2.4
    Snake:4 |   21793 |   36007 |  62.3 |      30 |      53 |  63.9
    Slime:1 |   11200 |       0 |   0.0 |      16 |       0 |   0.0
    Slime:2 |    9766 |       0 |   0.0 |      16 |       0 |   0.0
    Slime:3 |   11466 |       0 |   0.0 |      18 |       0 |   0.0
    Slime:4 |   17808 |       0 |   0.0 |      22 |       0 |   0.0
    Slime:5 |   27225 |   32775 |  54.6 |      27 |      14 |  34.1
      Orc:1 |    2726 |     613 |  18.4 |      30 |       1 |   3.2
      Orc:2 |    6889 |   14193 |  67.3 |      53 |      57 |  51.8
      Elf:1 |   10216 |    7798 |  43.3 |      20 |      15 |  42.9
      Elf:2 |   16652 |    4122 |  19.8 |      26 |      11 |  29.7
      Elf:3 |   22309 |   39379 |  63.8 |      38 |      24 |  38.7
   Vaults:1 |   32861 |   14448 |  30.5 |      52 |      22 |  29.7
   Vaults:2 |   10046 |   53021 |  84.1 |      23 |      56 |  70.9
   Vaults:3 |   26125 |    7986 |  23.4 |      42 |      11 |  20.8
   Vaults:4 |   32798 |   11150 |  25.4 |      40 |      16 |  28.6
   Vaults:5 |   27468 |  126623 |  82.2 |      45 |      89 |  66.4
    Crypt:1 |   40041 |    4724 |  10.6 |      52 |       1 |   1.9
    Crypt:2 |   14548 |       0 |   0.0 |      30 |       0 |   0.0
    Crypt:3 |       0 |   75813 | 100.0 |       0 |      82 | 100.0
     Tomb:1 |   13119 |   47452 |  78.3 |      30 |      46 |  60.5
     Tomb:2 |    9003 |   50378 |  84.8 |      24 |      34 |  58.6
     Tomb:3 |    4282 |   72178 |  94.4 |      10 |      51 |  83.6
   Depths:1 |   27470 |   25517 |  48.2 |      44 |      23 |  34.3
   Depths:2 |   18310 |   90599 |  83.2 |      26 |      65 |  71.4
   Depths:3 |   56342 |   65780 |  53.9 |      65 |      62 |  48.8
   Depths:4 |   22488 |   60685 |  73.0 |      29 |      19 |  39.6
   Depths:5 |   37816 |   17845 |  32.1 |      43 |      14 |  24.6
    Abyss:1 |    1237 |       0 |   0.0 |       2 |       0 |   0.0
    Abyss:2 |     535 |       0 |   0.0 |       2 |       0 |   0.0
    Abyss:3 |    3617 |   20141 |  84.8 |      13 |      19 |  59.4
        Pan |  444927 |  353332 |  44.3 |     553 |     245 |  30.7
      IceCv |       0 |    5181 | 100.0 |       0 |      21 | 100.0
            +---------+---------+-------+---------+---------+-------
